 Dungeon Crawl Stone Soup version 0.18-a0-1507-g69458e0 (webtiles) character file.

264 Sargon the Digger (level 6, -3/32 HPs)
             Began as a Gargoyle Earth Elementalist on Mar 5, 2016.
             Was an Initiate of Vehumet.
             Slain by an orc warrior
             ... wielding a +0 dire flail
              (20 damage)
             ... on level 3 of the Dungeon on Mar 6, 2016.
             The game lasted 00:20:54 (3506 turns).

Sargon the Digger (Gargoyle Earth Elementalist)     Turns: 3506, Time: 00:20:55

Health: -3/32      AC: 12    Str: 12    XL:     6   Next: 19%
Magic:  13/13      EV: 12    Int: 17    God:    Vehumet [......]
Gold:   168        SH:  0    Dex: 10    Spells: 1 memorised, 14 levels left

rFire  . . .     SeeInvis .     b - 87 stones
rCold  . . .     Gourm    .     a - +0 robe
rNeg   + . .     Faith    .     (no shield)
rPois  ∞         Spirit   .     (no helmet)
rElec  +         Dismiss  .     (no cloak)
rCorr  .         Reflect  .     (no gloves)
SustAt .         Harm     .     (no boots)
MR     .....                    (no amulet)
Stlth  ++........               t - +3 ring of protection
                                n - +3 ring of protection

@: not resistant to hostile enchantments, unstealthy
A: negative energy resistance 1, electricity resistance, unbreathing,
petrification resistance, rot immunity, AC +4
a: Renounce Religion


You were on level 3 of the Dungeon.
You worshipped Vehumet.
Vehumet was noncommittal.
You were hungry.

You visited 2 branches of the dungeon, and saw 5 of its levels.

You collected 168 gold pieces.

Inventory:

Hand Weapons
 i - a +0 short sword
Missiles
 b - 87 stones (in hand)
Armour
 a - a +0 robe (worn)
Jewellery
 e - an uncursed ring of sustain attributes
 j - a +3 ring of protection
 n - a +3 ring of protection (left hand)
 t - a +3 ring of protection (right hand)
Scrolls
 g - 6 scrolls of remove curse {unknown}
 l - a scroll of blinking {unknown}
 m - a scroll of amnesia {unknown}
 p - 3 scrolls of magic mapping {unknown}
 q - a scroll of enchant weapon {unknown}
 s - a scroll of fear {unknown}
Potions
 h - 3 potions of lignification {unknown}
 o - a potion of might {unknown}
 r - a potion of degeneration {unknown}
 u - a potion of resistance {unknown}
Books
 c - a book of Geomancy

   Spells                             Type                      Level
   a - Sandblast                      Earth                        1
   b - Passwall                       Transmutation/Earth          2
   c - Stone Arrow                    Conjuration/Earth            3
   d - Petrify                        Transmutation/Earth          4
   e - Lee's Rapid Deconstruction     Earth                        5
Comestibles
 d - 2 bread rations
 f - 4 fruits
 k - 3 beef jerkies


   Skills:
 - Level 1.5 Dodging
 - Level 2.1 Stealth
 * Level 5.0 Spellcasting
   Level 0.7 Transmutations
 + Level 5.2 Earth Magic


You had 14 spell levels left.
You knew the following spells:

 Your Spells              Type           Power        Failure   Level  Hunger
a - Sandblast             Erth           ###...       1%          1    None


Dungeon Overview and Level Annotations

Branches:
Dungeon (4/15)             Temple (1/1) D:4

Altars:
Cheibriados
Dithmenos
Kikubaaqudgha
Makhleb
Okawaru
Pakellas
Qazlal
Ru
Sif Muna
Trog
Vehumet
Xom
Yredelemnul
Zin
The Shining One

Shops:
D:4 (


Innate Abilities, Weirdness & Mutations

You are resistant to torment.
Your stone body is resilient (AC +4).
You are immune to poison.
You resist negative energy.
You are resistant to electric shocks.
You can survive without breathing.
You are immune to petrification.
You are immune to rotting.


Message History

Casting: Sandblast
Confirm with . or Enter, or press ? or * to list all spells.
Aiming: Sandblast
Press: ? - help, Shift-Dir - straight line, f - orc warrior
Aim: an orc warrior, wielding a dire flail and wearing a chain mail The rocky blast hits the orc warrior.
There is a stone staircase leading down here.
An orc comes into view. It is wielding a trident of flaming.
An orc comes into view.
It is wielding an enchanted short sword.
The orc shouts!
The orc barely misses you. The orc hits you but does no damage.
The orc hits you but does no damage.
There is a stone staircase leading up here.
The orc warrior hits you with a dire flail!
You climb upwards.
There is a stone staircase leading down here.
The orc warrior hits you with a dire flail!!
Ouch! That really hurt!
You die...

#............#....÷#.....#
#
#......##'#+#...#........#
#
####...#..#.......÷#.#####
#.###.##.#....###.## #.#
#.##.#.........# #.#
#....+...##.##.#
#.######.#...##.##.#
#........###....##.#
########@#...#####.######
#>o...'...........
#########...#####.......
#...........# ####....
#...........# #....
#...........# #....
#.........### #####'
#.........# ####.....
#.........######........


You could see an orc warrior.

Vanquished Creatures
  A scorpion (D:4)
  A crimson imp (D:4)
  9 adders
  A worm (D:3)
  3 dart slugs
  3 giant geckos
  15 orcs
  2 giant cockroaches
  6 goblins
  3 hobgoblins
  5 jackals
  4 kobolds
  9 bats
  8 giant newts
  9 rats
79 creatures vanquished.

Notes
Turn   | Place    | Note
--------------------------------------------------------------
     0 | D:1      | Sargon the Gargoyle Earth Elementalist began the quest for the Orb.
     0 | D:1      | Reached XP level 1. HP: 10/10 MP: 3/3
   158 | D:1      | Reached XP level 2. HP: 15/15 MP: 3/5
   685 | D:1      | Reached XP level 3. HP: 19/19 MP: 5/7
   886 | D:1      | Found a glowing golden altar of the Shining One.
  1595 | D:2      | Reached XP level 4. HP: 24/24 MP: 5/9
  2049 | D:3      | Found a stormy altar of Qazlal.
  2371 | D:3      | Found a snail-covered altar of Cheibriados.
  2379 | D:3      | Found a deep blue altar of Sif Muna.
  2381 | D:3      | Found a shadowy altar of Dithmenos.
  2382 | D:3      | Found a sacrificial altar of Ru.
  2486 | D:3      | Reached XP level 5. HP: 28/28 MP: 7/11
  3020 | D:4      | Reached skill level 5 in Earth Magic
  3282 | D:4      | Reached skill level 5 in Spellcasting
  3282 | D:4      | Reached XP level 6. HP: 32/32 MP: 9/13
  3294 | D:4      | Found a staircase to the Ecumenical Temple.
  3302 | Temple   | Entered the Ecumenical Temple
  3335 | Temple   | Became a worshipper of Vehumet
  3367 | D:4      | Found Riug's Weapon Boutique.
  3394 | D:4      | Noticed an orc warrior
  3506 | D:3      | Slain by an orc warrior

Vault maps used:
D:1:      minmay_arrival_loop, tso_altar
D:2:      first_bread
D:3:      minitemple, grunt_qazlal_clouds, uniq_crazy_yiuf_cottage
D:4:      wad_lake_hut, minmay_temple_entry_statues_pillars, serial_shops, shop
Temple:   circular_temple_12

Skill      XL: |  1  2  3  4  5 |
---------------+----------------+-----
Spellcasting   | 3 4 5 |  5.0
Earth Magic    | 4 5 |  5.2
Dodging        | |  1.5
Stealth        | |  2.1
Transmutations | |  0.7

Action                   |  1- 3 |  4- 6 || total
-------------------------+-------+-------++-------
Melee: Short sword       |     4 |       ||     4
 Cast: Sandblast         |    52 |    79 ||   131
  Eat: Chunk             |     2 |     5 ||     7
